 Dungeon Crawl Stone Soup version 0.31.0-32-g396128a36d (webtiles) character file.

Game seed: 13779761736598416962

255 Silvore the Covered (level 5, 0/47 HPs)
             Began as a Minotaur Fighter on Mar 30, 2024.
             Slain by a black bear (3 damage)
             ... on level 3 of the Dungeon.
             The game lasted 00:02:41 (3095 turns).

Silvore the Covered (Minotaur Fighter)              Turns: 3095, Time: 00:02:41

Health: 0/47       AC:  7    Str: 23    XL:     5   Next: 91%
Magic:  4/4        EV:  9    Int:  5    God:
Gold:   84         SH:  4    Dex:  9    Spells: 4/4 levels left

rFire   . . .        q - +0 mace
rCold   . . .        c - +0 buckler
rNeg    . . .        b - +0 scale mail
rPois   .            (helmet restricted)
rElec   .            (no cloak)
rCorr   .            (no gloves)
SInv    .            (no boots)
Will    .....        (no amulet) Stlth
                     (no ring)
HPRegen 0.27/turn    (no ring)
MPRegen 0.09/turn

%: no passive effects
@: no status effects
A: horns 2, retaliatory headbutt
a: no special abilities


You were on level 3 of the Dungeon.
You visited 1 branch of the dungeon, and saw 4 of its levels.

You collected 84 gold pieces.

Inventory:

Hand Weapons
 q - a +0 mace (weapon)
Missiles
 l - a throwing net (quivered)
Armour
 b - a +0 scale mail (worn)
 c - a +0 buckler (worn)
Jewellery
 e - a ring of magical power
 o - a ring of see invisible
Potions
 d - 3 potions of might
 f - 3 potions of brilliance
 i - 2 potions of enlightenment
 k - 4 potions of curing
 m - a potion of cancellation {unknown}
 n - a potion of lignification {unknown}


   Skills:
 + Level 4.4 Fighting
 + Level 4.2 Maces & Flails
 + Level 5.7 Armour
 + Level 0.7 Dodging
 + Level 0.5 Stealth
 + Level 4.7 Shields


You had 4 spell levels left.
You didn't know any spells.
Your spell library contained the following spells:

 Spells                   Type           Power      Damage    Failure   Level
 Ensorcelled Hibernation  Hex/Ice        0%         N/A       92%         2
 Mercury Vapours          Alch/Air       0%         N/A       92%         2
 Static Discharge         Conj/Air       0%         3-3/arc   92%         2
 Sublimation of Blood     Necr           0%         N/A       92%         2
 Passwall                 Erth           0%         N/A       99%         3
 Swiftness                Air            0%         N/A       99%         3
 Petrify                  Alch/Erth      0%         N/A       100%        4
 Irradiate                Conj/Alch      0%         3d11      100%        5
 Haunt                    Necr/Summ      0%         N/A       100%        7
 Chain Lightning          Conj/Air       0%         N/A       100%        9


Dungeon Overview and Level Annotations

Branches:
Dungeon (4/15)
 Temple: D:4-7

Altars:
Vehumet

Shops:
D:2 [

Annotations:
D:4 Pikel


Innate Abilities, Weirdness & Mutations

You have a pair of horns on your head.
You reflexively headbutt those who attack you in melee.


Message History

The black bear bites you. The black bear misses you.
You block the black bear's attack.
You barely miss the black bear.
You headbutt the black bear, but do no damage.
The black bear is heavily wounded.
You block the black bear's attack. The black bear closely misses you.
You block the black bear's attack.
You hit the black bear.
The black bear is severely wounded.
You block the black bear's attack. The black bear claws you.
The black bear closely misses you.
You hit the black bear but do no damage.
Your headbutt misses the black bear.
The black bear is severely wounded.
The black bear completely misses you.
The black bear claws you but does no damage. x2
The black bear bites you but does no damage.
The black bear misses you. The black bear barely misses you.
You hit the black bear.
The black bear is almost dead.
The black bear goes berserk!
You hit the black bear.
The black bear is almost dead.
The black bear bites you!
* * * LOW HITPOINT WARNING * * *
The black bear barely misses you. The black bear closely misses you.
The black bear bites you but does no damage.
You block the black bear's attack. The black bear barely misses you.
You barely miss the black bear. Your headbutt misses the black bear.
The black bear is almost dead.
The black bear bites you but does no damage.
The black bear closely misses you. The black bear claws you.
* * * LOW HITPOINT WARNING * * *
You hit the black bear.
You headbutt the black bear, but do no damage.
The black bear is almost dead.
The black bear bites you.
* * * LOW HITPOINT WARNING * * *
The black bear claws you.
You die...

#.#.......#....#####.######
#.##.....##........#.#
#..##...##....####.#)######
##.######..##.#....).......
#.#.#.#....#.#.#..##......
#.#.#.#..#.#.#.#.###......
#.#.#..............'......
#)#.#.########.#.###......
#.#...#5h@.....#.# #......
#.###.#.########.#######'#
#.....#.# #...##.......#..
##########.###...########.###
#............'.))'...........
##.#######.###.).########.###
#.# #.# ##### #.### #.# #.#
####'##. #.# #.# #.......


You could see a black bear (berserk) and a lemure.

Vanquished Creatures
  An ice beast (D:3)
  A lemure (D:3)
  2 orc wizards (D:3)
  4 gnolls
  An adder (D:2)
  3 dart slugs (D:1)
  6 orcs (D:3)
  4 ball pythons
  6 endoplasms
  A giant cockroach (D:1)
  8 goblins
  7 hobgoblins
  A quokka (D:1)
  A bat (D:1)
  2 frilled lizards (D:1)
  8 kobolds
  6 rats
62 creatures vanquished.

Notes
Turn   | Place    | Note
-------+----------+-------------------------------------------
     0 | D:1      | Silvore the Minotaur Fighter began the quest for the Orb.
     0 | D:1      | Reached XP level 1. HP: 19/19 MP: 0/0
    52 | D:1      | Reached skill level 4 in Armour
    54 | D:1      | Reached XP level 2. HP: 21/27 MP: 1/1
   275 | D:1      | Reached XP level 3. HP: 29/33 MP: 2/2
  1109 | D:2      | Found Nujaerem's Antique Armour Emporium.
  1277 | D:2      | Reached XP level 4. HP: 40/40 MP: 3/3
  1972 | D:3      | Found a radiant altar of Vehumet.
  2070 | D:3      | Reached skill level 5 in Armour
  2316 | D:3      | Reached XP level 5. HP: 46/46 MP: 4/4
  2380 | D:3      | Noticed an ice beast
  2388 | D:3      | Killed an ice beast
  2664 | D:3      | Got the Codex of Combined Haze
  3075 | D:4      | Noticed Pikel
  3075 | D:4      | Noticed a lemure
  3075 | D:4      | Noticed a lemure
  3075 | D:4      | Noticed a lemure
  3075 | D:4      | Noticed a lemure
  3075 | D:4      | Noticed a black bear
  3084 | D:3      | Killed a lemure
  3095 | D:3      | Slain by a black bear

Illustrated notes

Levels and vault maps discovered:
D:1:      psy_arrival_dodecagon, layout_basic
D:2:      layout_basic, serial_shops, shop
D:3:      layout_basic, lemuel_round_altar
D:4:      layout_basic, nicolae_overflow_crystal_walls, uniq_pikel

Skill      XL: |  1  2  3  4  5 |
---------------+----------------+-----
Armour         | 4 5 |  5.7
Shields        | 4 |  4.7
Fighting       | 4 |  4.4
Maces & Flails | 3 4 |  4.2
Dodging        | |  0.7
Stealth        | |  0.5

Action                     |  1- 3 |  4- 6 || total
---------------------------+-------+-------++-------
  Melee: Flail             |    80 |       ||    80
         Headbutt          |    11 |     9 ||    20
         Mace              |       |    78 ||    78
    Use: Scroll            |       |     9 ||     9
 Armour: Scale mail        |    45 |    90 ||   135
  Dodge: Dodged            |    33 |    47 ||    80
  Block: Buckler           |    12 |    26 ||    38
